 Dungeon Crawl Stone Soup version 0.31.0 (webtiles) character file.

Game seed: 16515222028903617555

4874 indexOfRegret the Basher (level 10, -3/70 HPs)
             Began as a Formicid Cinder Acolyte on Jan 19, 2024.
             Was an Elder of Ignis.
             Slain by Amaemon
             ... wielding a +1 demon whip of venom
              (7 damage)
             ... on level 7 of the Dungeon.
             The game lasted 00:41:24 (7525 turns).

indexOfRegret the Basher (Formicid Cinder Acolyte)  Turns: 7525, Time: 00:41:24

Health: -3/70      AC:  5    Str: 23    XL:     10   Next: 79%
Magic:  11/21      EV: 16    Int: 14    God:    Ignis [****..]
Gold:   341        SH:  0    Dex:  9    Spells: 4/12 levels left

rFire   . . .        a - -1 mace (flame)
rCold   . . .        (no shield)
rNeg    . . .        s - +3 leather armour
rPois   .            (helmet unavailable)
rElec   .            J - +0 cloak
rCorr   .            (no gloves)
SInv    +            (no boots)
Will    +....        j - amulet of magic regeneration
Stlth   +            v - +5 ring of evasion
HPRegen 1.11/turn    I - ring of magical power
MPRegen 0.57/turn

%: no passive effects
@: brilliant, lethally poisoned (-3 -> -8)
A: permanent stasis, dig shafts and tunnels, antennae 3, four strong arms,
deformed body, regeneration 1, evolution 1, heat vulnerability 1
a: Dig, Shaft Self, Renounce Religion, Fiery Armour, Foxfire Swarm, Rising Flame


You were on level 7 of the Dungeon.
You worshipped Ignis.
Ignis was greatly pleased with you.
You visited 2 branches of the dungeon, and saw 9 of its levels.
You also visited: Sewer.

You collected 341 gold pieces.

Inventory:

Hand Weapons
 a - a -1 mace of flaming (weapon)
 r - a +0 flail
Missiles
 i - 2 throwing nets
 t - 11 poisoned darts
 x - 3 curare-tipped darts
Armour
 b - a +1 robe
 q - a +0 leather armour
 s - a +3 leather armour (worn)
 J - a +0 cloak (worn)
Jewellery
 j - an amulet of magic regeneration (around neck)
 v - a +5 ring of evasion (left hand)
 G - a ring of protection from fire
 H - an amulet of faith
 I - a ring of magical power (right hand)
Wands
 h - a wand of polymorph (11)
 n - a wand of flame (15)
 o - a wand of mindburst (26)
 K - a wand of charming (19)
Scrolls
 e - a scroll of revelation {unknown}
 f - 3 scrolls of teleportation
 k - a scroll of poison
 m - a scroll of fog
 p - a scroll of immolation {unknown}
 u - a scroll of blinking
 w - a scroll of enchant armour
 y - a scroll of vulnerability {unknown}
 z - a scroll of amnesia
 B - a scroll of fear {unknown}
 D - a scroll of brand weapon {unknown}
 E - 2 scrolls of enchant weapon {unknown}
Potions
 d - 3 potions of magic
 g - a potion of cancellation
 A - 2 potions of might


   Skills:
 - Level 3.2 Fighting
 - Level 12.5 Maces & Flails
 - Level 0.3 Dodging
 - Level 1.5 Spellcasting
 - Level 4.0 Fire Magic
 + Level 11.0 Alchemy


You had 4 spell levels left.
You knew the following spells:

 Your Spells              Type           Power      Damage    Failure   Level
a - Scorch                Fire           36%        2d6       9%          2
b - Eringya's Noxious Bo  Alch           23%        4d6       43%         6

Your spell library contained the following spells:

 Spells                   Type           Power      Damage    Failure   Level
 Jinxbite                 Hex            2%         N/A       41%         2
 Alistair's Intoxication  Alch           31%        N/A       9%          5
 Yara's Violent Unravell  Hex/Alch       12%        3d7       63%         5
 Borgnjor's Vile Clutch   Necr/Erth      0%         N/A       100%        5
 Enfeeble                 Hex            0%         N/A       100%        7


Dungeon Overview and Level Annotations

Branches:
Dungeon (8/15)             Temple (1/1) D:4           Sewer (visited)
   Lair: D:8-11

Altars:
Ashenzari
Cheibriados
Dithmenos
Elyvilon
Fedhas
Gozag
Hepliaklqana
Kikubaaqudgha
Nemelex Xobeh
Okawaru
Qazlal
Ru
Sif Muna
Trog
Uskayaw
Vehumet
Wu Jian
Xom
Yredelemnul
Zin
The Shining One

Shops:
D:4 *

Annotations:
D:7 Amaemon


Innate Abilities, Weirdness & Mutations

You cannot be hasted, slowed, berserked, paralysed or teleported.
You can dig through walls and to a lower floor.
You have a pair of large antennae on your head. (SInv)
Your four strong arms can wield two-handed weapons with a shield.
Armour fits poorly on your strangely shaped body.
Your natural rate of healing is unusually fast.
You have hidden genetic potential.
You are vulnerable to heat. (rF-)


Message History

a +0 chain mail; a +0 falchion; a +0 flail You feel sick.
There is a stone staircase leading up, spattered with blood here.
You feel very sick. Amaemon misses you. Amaemon closely misses you.
Amaemon tail-slaps you.
You are more poisoned.
Amaemon poisons you!
Amaemon is burned terribly!
Amaemon is burned by your cloak of flames.
Amaemon is moderately wounded.
The orange demon stings you from afar.
You climb upwards.
* * * LOW HITPOINT WARNING * * *
You feel extremely sick.
There is a stone staircase leading down, spattered with blood here.
Unknown command.
Okay, then.
It was a potion of brilliance.
You feel clever all of a sudden.
* * * LOW HITPOINT WARNING * * *
You feel very sick.
Amaemon hits you with a +1 demon whip of venom!
* * * LOW HITPOINT WARNING * * *
Amaemon is burned terribly!
Amaemon is burned by your cloak of flames.
Amaemon is moderately wounded.
Amaemon closely misses you.
Amaemon tail-slaps you but does no damage.
Your magical contamination has completely faded away.
Okay, then.
Okay, then.
Unknown command.
You feel extremely strange.
You feel agile.
You begin to heal more quickly.
You feel vulnerable to heat.
Your body twists and deforms.
You feel a hidden potential growing inside you.
Your fiery armour burns out.
* * * LOW HITPOINT WARNING * * *
You feel very sick.
Amaemon hits you with a +1 demon whip of venom!
You die...

..........# #.....#
..........#####.....##
######.#####.........#
#.##...[##......###
######.#..#####[.......##
.^........###...........#
..##..........#.....#####
..#..#####.....[[...#
....## #......@...#
....[### ##.....6...#
[.##...####.........#
.####.....#.........#
..####..#.#.........#
#...###.............#
#.#.###...........)[#
#........##........>#
..........#.#.#..####


You could see Amaemon (combustible).

Vanquished Creatures
  A moth of wrath (D:3)
  Maurice (D:7)
  A troll (D:8)
  A yak (D:7)
  A steam dragon (D:7)
  2 water moccasins (D:8)
  3 orc warriors
  2 ice beasts
  A black bear (D:5)
  Pargi (Sewer)
  A centaur (D:7)
  6 phantoms
  2 brain worms (Sewer)
  3 bullfrogs
  6 scorpions
  A water moccasin zombie (D:4)
  2 water moccasin skeletons (D:4)
  9 wights
  A howler monkey (D:7)
  5 hounds
  A bombardier beetle (D:7)
  3 orc priests
  A jelly (D:4)
  A bullfrog skeleton (D:4)
  2 iguanas
  6 orc wizards
  A sleepcap (D:7)
  2 scorpion zombies (D:4)
  A hound zombie (D:4)
  5 hound skeletons (D:4)
  Robin (D:1)
  7 gnolls
  A howler monkey zombie (D:4)
  4 adders
  A shadow imp (D:6)
  A white imp (D:7)
  An adder zombie (D:4)
  An adder skeleton (D:4)
  2 dart slugs (D:1)
  6 ribbon worms
  14 orcs
  8 endoplasms
  4 giant cockroaches
  8 goblins
  6 hobgoblins
  5 jackals (D:1)
  2 kobolds
  4 quokkas
  13 ball pythons
  3 bats
  5 frilled lizards
  A quokka zombie (D:4)
  6 rats
177 creatures vanquished.

Vanquished Creatures (others)
  16 foxfires (D:5)
16 creatures vanquished.

Grand Total: 193 creatures vanquished

Notes
Turn   | Place    | Note
-------+----------+-------------------------------------------
     0 | D:1      | indexOfRegret the Formicid Cinder Acolyte began the quest
                  | for the Orb.
     0 | D:1      | Reached XP level 1. HP: 18/18 MP: 2/2
    78 | D:1      | Reached XP level 2. HP: 21/24 MP: 3/3
   135 | D:1      | Learned a level 2 spell: Scorch
   298 | D:1      | Reached XP level 3. HP: 19/29 MP: 4/4
   849 | D:2      | Reached skill level 4 in Maces & Flails
   849 | D:2      | Reached XP level 4. HP: 35/35 MP: 2/5
  1157 | D:2      | Noticed Robin
  1196 | D:1      | Killed Robin
  1661 | D:3      | Found a faded altar of an unknown god.
  1669 | D:3      | Noticed Ijyb
  1670 | D:3      | Ijyb changed into Ijyb the hound
  1670 | D:3      | Noticed Ijyb
  1677 | D:3      | Killed Ijyb the hound
  1678 | D:3      | Reached XP level 5. HP: 35/41 MP: 6/6
  1774 | D:3      | Reached skill level 5 in Maces & Flails
  1970 | D:3      | Noticed a moth of wrath
  2052 | D:3      | Found a bloodstained altar of Trog.
  2091 | D:3      | Killed a moth of wrath
  2092 | D:3      | Reached skill level 7 in Maces & Flails
  2092 | D:3      | Reached XP level 6. HP: 47/47 MP: 4/7
  2092 | D:3      | Reached XP level 7. HP: 52/52 MP: 4/8
  2501 | D:4      | Reached skill level 8 in Maces & Flails
  2576 | D:4      | Reached XP level 8. HP: 52/58 MP: 7/9
  2817 | D:4      | Reached skill level 9 in Maces & Flails
  3301 | D:4      | Found Miadixune's Neck Hole.
  3328 | D:4      | Reached skill level 10 in Maces & Flails
  3367 | D:4      | Found a staircase to the Ecumenical Temple.
  3377 | Temple   | Entered the Ecumenical Temple
  3711 | D:5      | Entered Level 5 of the Dungeon
  3761 | D:5      | Reached XP level 9. HP: 53/64 MP: 3/10
  3892 | D:5      | Reached skill level 11 in Maces & Flails
  4196 | D:5      | Found a blossoming altar of Fedhas.
  4452 | D:6      | Found a broken altar of Ashenzari.
  4505 | D:6      | Found a glowing drain.
  4540 | Sewer    | Entered a sewer
  4724 | Sewer    | Noticed Pargi
  4730 | Sewer    | Killed Pargi
  4922 | D:6      | Found a stormy altar of Qazlal.
  4988 | D:6      | Reached skill level 12 in Maces & Flails
  5832 | D:7      | Reached skill level 1 in Alchemy
  5989 | D:7      | Reached XP level 10. HP: 22/70 MP: 7/12
  6041 | D:7      | HP: 3/70 [ice beast (5)]
  6050 | D:7      | Reached skill level 5 in Alchemy
  6403 | D:7      | Noticed Maurice
  6432 | D:7      | Maurice stole a ring of magical power
  6436 | D:7      | Maurice stole 3 curare-tipped darts
  6437 | D:7      | Gained mutation: You are clumsy. (Dex -2) [potion of
                  | mutation]
  6438 | D:7      | Something stole a +0 flail
  6443 | D:7      | Something stole 103 gold
  6456 | D:7      | Killed Maurice
  6828 | D:8      | Noticed Amaemon
  6828 | D:8      | Noticed an orange demon
  7382 | D:7      | Learned a level 6 spell: Eringya's Noxious Bog
  7473 | D:8      | Reached skill level 10 in Alchemy
  7525 | D:7      | Lost mutation: You are clumsy. (Dex -2) [potion of
                  | mutation]
  7525 | D:7      | Gained mutation: Your natural rate of healing is unusually
                  | fast. [potion of mutation]
  7525 | D:7      | Gained mutation: You are vulnerable to heat. (rF-) [potion
                  | of mutation]
  7525 | D:7      | Gained mutation: Armour fits poorly on your strangely
                  | shaped body. [potion of mutation]
  7525 | D:7      | Gained mutation: You have hidden genetic potential. [potion
                  | of mutation]
  7525 | D:7      | Slain by Amaemon

Illustrated notes

Levels and vault maps discovered:
D:1:      dpeg_arrival_windows_large_door, layout_basic
D:2:      layout_rooms, uniq_robin
D:3:      layout_basic, tgw_trog, basic_ecumenical_altar, minmay_unequal,
          uniq_ijyb
D:4:      layout_cave_pools, minmay_temple_entry_arrows, serial_undead,
          serial_undead_c, serial_undead_e, serial_undead_b, serial_undead_c,
          serial_undead_c, serial_undead_e, serial_undead_b, serial_undead_d,
          serial_undead_b, serial_undead_d, kennysheep_diamond,
          nicolae_shop_sticking_my_neck_out
D:5:      layout_gridville, nicolae_overflow_crystal_walls, chequers_mini_garden
D:6:      layout_cave_pools, nicolae_qazlal_scattered_showers,
          mainiacjoe_overflow_small_starburst, cheibrodos_sewer_entry_bend,
          minmay_misc_feat_columns
D:7:      layout_rooms, minmay_fractal_squares_5, uniq_maurice
D:8:      layout_rooms, makhleb_altar_promises_db, due_lair_maze_entry_diamond,
          nzn_life_drinkers, uniq_amaemon
Temple:   nicolae_temple_bog_church

Skill      XL: |  1  2  3  4  5  6  7  8  9 10 |
---------------+-------------------------------+-----
Maces & Flails | 4 7 8 10 12 | 12.5
Fire Magic     | 4 |  4.0
Alchemy        | 4 11 | 11.0
Fighting       | |  3.2
Dodging        | |  0.3
Spellcasting   | |  1.5

Action                     |  1- 3 |  4- 6 |  7- 9 | 10-12 || total
---------------------------+-------+-------+-------+-------++-------
  Melee: Mace              |    86 |    39 |   211 |    57 ||   393
         Punch             |       |       |     4 |       ||     4
  Throw: Dart              |       |       |     3 |       ||     3
   Cast: Scorch            |     5 |    30 |   135 |    83 ||   253
 Invoke: Foxfire Swarm     |       |       |     1 |       ||     1
         Fiery Armour      |       |       |       |     3 ||     3
Ability: Dig               |     2 |     1 |     2 |       ||     5
  Evoke: Wand              |       |     1 |     2 |    12 ||    15
    Use: Scroll            |       |       |     3 |     5 ||     8
         Potion            |       |       |       |    12 ||    12
   Stab: Distracted        |       |       |     1 |       ||     1
 Armour: Robe              |    41 |    22 |    67 |       ||   130
         Leather armour    |       |       |   119 |    86 ||   205
         Skin              |       |       |       |    15 ||    15
  Dodge: Dodged            |    60 |    21 |   179 |   117 ||   377
